Map: Blueshift LE

Players

HIGUMA - Winner!

  • Race: Terran Terran
  • League: Diamond
  • Spawn Location: 7:00

A.I. 1 (Very Easy)

  • Race: Protoss Protoss
  • Spawn Location: 1:00

VOD

Have the link to the VOD?

Description

1st MULE next@50 Extra Supplies
Cyclone kill Marine
@start production 3Cyclone gas 2-2

Time

  • Played on: Oct. 18, 2018, 9:32 p.m.
  • Length: 4:45
Show
View Real Time Build Order
Export as new Build Order

HIGUMA Terran - Winner!

Build Orders: Cyclone Opening 

Get SALT Encoding   

  12  0:00  SCV  
  13  0:12  SCV  
  14  0:17  Supply Depot  
  14  0:25  SCV  
  15  0:28  Refinery  
  15  0:41  Barracks  
  15  0:45  SCV  
  16  0:55  Refinery  
  16  0:59  SCV  
  17  1:11  SCV  
  18  1:28  Orbital Command  
  18  1:29  Marine  
  19  1:40  Factory  
  19  1:51  Barracks Reactor  
  19  1:59  Supply Depot  
  19  2:10  Factory  
  19  2:17  SCV  
  20  2:32  Cyclone  
  20  2:36  Cyclone  
  26  2:54  Cyclone  
  29  3:06  Hellion  
  29  3:08  Cyclone  
  33  3:27  Supply Depot  
  33  3:29  Hellion  
  35  3:34  Hellion  
  37  3:51  Cyclone  
  40  4:04  Hellion  
  42  4:20  Hellion  
Show
View Real Time Build Order
Export as new Build Order

A.I. 1 (Very Easy) Protoss 

Build Orders:  

Get SALT Encoding   

  12  0:00  Probe  
  13  0:13  Probe  
  14  0:20  Pylon  
  14  0:37  Assimilator  
  14  0:43  Gateway  
  14  0:45  Pylon  
  14  1:14  Assimilator  
  14  1:23  Probe  
  14  1:31  Probe  
  17  1:32  Zealot  
  17  1:33  Cybernetics Core  
  17  1:39  Probe  
  19  1:49  Probe  
  20  1:59  Probe  
  20  2:07  Probe  
  21  2:09  Warp Gate  
  22  2:37  Stalker  
  24  3:58  Pylon  
  24  4:01  Probe  
  22  4:22  Pylon  
  22  4:34  Pylon  
Tags
 
Add a new tag
Caveats
  • Supply blocks, unpowered buildings, or Contaminate may cause inaccurate times.
  • Supply counts are checked every 10 seconds.